 Dungeon Crawl Stone Soup version 0.28.0-43-g3370ac3207 (webtiles) character file.

Game seed: 204071331122103409

588 sking99 the Cudgeller (level 7, -1/53 HPs)
             Began as a Demonspawn Gladiator on Mar 24, 2022.
             Was a Believer of Makhleb.
             Slain by a killer bee (8 damage)
             ... on level 4 of the Dungeon.
             The game lasted 00:05:40 (4488 turns).

sking99 the Cudgeller (Demonspawn Gladiator)        Turns: 4488, Time: 00:05:40

Health: -1/53      AC:  7    Str: 16 (17) XL:     7   Next: 15%
Magic:  9/9        EV: 11    Int:  7 (9)  God:    Makhleb [**....]
Gold:   161        SH:  4    Dex: 11 (14) Spells: 6/6 levels left

rFire   . . .      SeeInvis .   a - +0 flail
rCold   . . .      Faith    .   (no shield)
rNeg    . . .      Spirit   .   g - +0 ring mail
rPois   .          Reflect  .   c - +0 helmet
rElec   .          Harm     .   (no cloak)
rCorr   .          Rampage  .   (no gloves)
Will    +....                   (boots unavailable)
Stlth   +.........              (no amulet)
HPRegen 0.17/turn               t - ring of willpower
MPRegen 0.11/turn               (no ring)

@: lethally poisoned (-1 -> -34)
A: hooves 3, sharp scales 1, condensation shield
a: Renounce Religion, Minor Destruction


You were on level 4 of the Dungeon.
You worshipped Makhleb.
Makhleb was pleased with you.
You visited 1 branch of the dungeon, and saw 4 of its levels.

You collected 161 gold pieces.

Inventory:

Hand Weapons
 a - a +0 flail (weapon)
Missiles
 d - a throwing net (quivered)
Armour
 c - a +0 helmet (worn)
 g - a +0 ring mail (worn)
Jewellery
 t - a ring of willpower (left hand)
Wands
 q - a wand of iceblast (6)
Scrolls
 b - a scroll of magic mapping {unknown}
 e - 2 scrolls of vulnerability {unknown}
 f - a scroll of immolation {unknown}
 h - a scroll of amnesia {unknown}
 l - a scroll of enchant armour {unknown}
 n - 2 scrolls of teleportation {unknown}
 p - 2 scrolls of identify {unknown}
 u - a scroll of blinking {unknown}
Potions
 i - 2 potions of heal wounds
 j - a potion of haste {unknown}
 k - a potion of degeneration
 m - a potion of might {unknown}
 o - a potion of berserk rage {unknown}
 r - a potion of brilliance {unknown}
 s - 3 potions of lignification {unknown}


   Skills:
 + Level 3.6 Fighting
 * Level 5.0 Maces & Flails
 - Level 1.7 Throwing
 + Level 2.4 Armour
 + Level 3.7 Dodging
 + Level 3.7 Invocations


You had 6 spell levels left.
You didn't know any spells.
Your spell library contained the following spells:

 Spells                   Type           Power      Damage    Failure   Level
 Magic Dart               Conj           0%         1d3       65%         1
 Summon Small Mammal      Summ           0%         N/A       65%         1
 Call Imp                 Summ           0%         N/A       78%         2
 Call Canine Familiar     Summ           0%         N/A       95%         3
 Mephitic Cloud           Conj/Pois/Air  0%         N/A       95%         3
 Summon Guardian Golem    Hex/Summ       0%         N/A       95%         3


Dungeon Overview and Level Annotations

Branches:
Dungeon (4/15)
 Temple: D:4-7

Altars:
Cheibriados
Dithmenos
Gozag
Makhleb


Innate Abilities, Weirdness & Mutations

You have hooves in place of feet.
You are partially covered in razor-sharp scales. (AC +1, Slay +1)
A meltable shield of frost defends you. (SH +4)


Message History

The killer bee is moderately wounded.
The iceblast engulfs you!
The iceblast engulfs the killer bee!
The killer bee is almost dead.
You feel very sick. The killer bee stings you.
You are more poisoned.
The killer bee poisons you! The killer bee misses you.
The killer bee barely misses you. The killer bee stings you.
You block the killer bee's attack. The killer bee barely misses you.
The killer bee stings you but does no damage.
The killer bee barely misses you.
Okay, then.
It was a potion of heal wounds.
You feel much better.
You feel very sick. The killer bee completely misses you.
The killer bee stings you but does no damage.
The killer bee closely misses you. The killer bee barely misses you.
The killer bee stings you but does no damage.
The killer bee closely misses you. The killer bee barely misses you.
The killer bee stings you.
You are lethally poisoned!
The killer bee poisons you!
It was a potion of degeneration.
There was something very wrong with that liquid.
You feel weakened.
You feel dopey.
You feel clumsy.
You feel very sick. You block the killer bee's attack.
The killer bee completely misses you.
The killer bee stings you but does no damage.
The killer bee stings you.
* * * LOW HITPOINT WARNING * * *
You are more poisoned.
The killer bee poisons you! The killer bee barely misses you.
The killer bee stings you.
* * * LOW HITPOINT WARNING * * *
The killer bee stings you.
* * * LOW HITPOINT WARNING * * *
You are more poisoned.
The killer bee poisons you!
The killer bee stings you but does no damage.
You block the killer bee's attack. The killer bee stings you!
You die...

...#...#......#.....#
...#...##.....#.....#
...#...##.....#.....#
)..#...##.....#.....#
...#...##.....#.....#
...#..........#.....#
...#..........#.....#
...#..........#yyy..#
...##'#########y@y..#
....................#
....................#
....................#
....................#
........#######.....#
........#.....#.....#
#########.....#.$...#
..............#.....#


You could see 5 killer bees.

Vanquished Creatures
  A water moccasin (D:3)
  A black bear (D:3)
  An ogre (D:4)
  A scorpion (D:4)
  Jessica (D:2)
  Ijyb (D:3)
  2 orc wizards (D:4)
  4 gnolls
  4 adders
  An adder skeleton (D:4)
  A worm (D:2)
  3 dart slugs (D:4)
  2 orcs
  4 bats (D:3)
  9 endoplasms
  3 giant cockroaches
  4 goblins
  6 hobgoblins
  2 jackals (D:1)
  A quokka (D:2)
  5 ball pythons
  4 frilled lizards
  7 rats
68 creatures vanquished.

Notes
Turn   | Place    | Note
-------+----------+-------------------------------------------
     0 | D:1      | sking99 the Demonspawn Gladiator began the quest for the
                  | Orb.
     0 | D:1      | Reached XP level 1. HP: 16/16 MP: 1/1
   315 | D:1      | Found a faded altar of an unknown god.
   327 | D:1      | Reached skill level 3 in Maces & Flails
   331 | D:1      | Prayed at the altar of an unknown god.
   331 | D:1      | Became a worshipper of Makhleb the Destroyer
   331 | D:1      | Reached * piety under Makhleb
   424 | D:1      | Gained mutation: You have large cloven feet. [demonic
                  | ancestry]
   424 | D:1      | Reached XP level 2. HP: 22/22 MP: 2/2
  1353 | D:2      | Gained mutation: A meltable shield of frost defends you.
                  | (SH +4) [demonic ancestry]
  1353 | D:2      | Reached XP level 3. HP: 24/28 MP: 3/3
  1665 | D:2      | Noticed Jessica
  1668 | D:2      | Killed Jessica
  1669 | D:2      | Reached skill level 1 in Invocations
  1984 | D:3      | Gained mutation: You have hoof-like feet. [demonic
                  | ancestry]
  1984 | D:3      | Reached XP level 4. HP: 34/34 MP: 5/5
  2075 | D:3      | Noticed a black bear
  2088 | D:3      | Killed a black bear
  2089 | D:3      | Reached skill level 4 in Maces & Flails
  2089 | D:3      | Reached skill level 1 in Armour
  2089 | D:3      | Reached XP level 5. HP: 39/40 MP: 6/6
  2113 | D:3      | Noticed Ijyb
  2127 | D:3      | Killed Ijyb
  2152 | D:3      | Reached ** piety under Makhleb
  2583 | D:3      | Found an opulent altar of Gozag.
  2631 | D:3      | Found a snail-covered altar of Cheibriados.
  2631 | D:3      | Found a shadowy altar of Dithmenos.
  2737 | D:3      | Noticed a water moccasin
  2746 | D:3      | Killed a water moccasin
  2747 | D:3      | Gained mutation: You have hooves in place of feet. [demonic
                  | ancestry]
  2747 | D:3      | Reached XP level 6. HP: 43/47 MP: 6/8
  4056 | D:4      | Reached skill level 5 in Maces & Flails
  4056 | D:4      | Gained mutation: You are partially covered in razor-sharp
                  | scales. (AC +1, Slay +1) [demonic ancestry]
  4056 | D:4      | Reached XP level 7. HP: 32/52 MP: 9/9
  4488 | D:4      | Slain by a killer bee

Illustrated notes

Levels and vault maps discovered:
D:1:      dpeg_arrival_round_b, layout_basic, ebering_ecumenical_altar_ruins
D:2:      layout_loops_cross, kennysheep_generic_room_7, uniq_jessica
D:3:      layout_basic, nicolae_gozag_seed_capital,
          gammafunk_temple_overflow_elements, minmay_misc_feat_hallway,
          uniq_ijyb
D:4:      layout_gridville

Skill      XL: |  1  2  3  4  5  6 |
---------------+-------------------+-----
Maces & Flails | 3 4 5 |  5.0
Invocations    | 1 2 3 |  3.7
Armour         | 1 2 |  2.4
Dodging        | 3 |  3.7
Fighting       | 3 |  3.6
Throwing       | |  1.7

Action                   |  1- 3 |  4- 6 |  7- 9 || total
-------------------------+-------+-------+-------++-------
Melee: Flail             |    76 |   109 |    19 ||   204
       Punch             |     1 |     1 |       ||     2
       Kick              |    14 |    30 |     4 ||    48
Throw: Throwing net      |       |     3 |       ||     3
Invok: Minor Destruction |       |     3 |     1 ||     4
Evoke: Wand              |       |     2 |     1 ||     3
  Use: Potion            |     1 |       |     2 ||     3
Armor: Leather armour    |     2 |       |       ||     2
       Ring mail         |    23 |    26 |     9 ||    58
Dodge: Dodged            |    34 |    64 |    31 ||   129
Block: Other             |     4 |    15 |     6 ||    25
